 Dungeon Crawl Stone Soup version 0.30-a0-860-g512cf1e979 (webtiles) character file.

Game seed: 13949988557333741407

121 BigDaddyOpFi the Digger (level 5, -1/28 HPs)
             Began as a Gargoyle Earth Elementalist on Mar 7, 2023.
             Slain by an iguana (2 damage)
             ... on level 2 of the Dungeon.
             The game lasted 00:03:06 (2732 turns).

BigDaddyOpFi the Digger (GrEE)                      Turns: 2732, Time: 00:03:06

Health: -1/28      AC:  8    Str: 11    XL:     5   Next: 5%
Magic:  1/9        EV: 12    Int: 18    God:
Gold:   112        SH:  0    Dex: 10    Spells: 8/9 levels left

rFire   . . .      SeeInvis .    f - +0 short sword (venom)
rCold   . . .      Faith    .    (no shield)
rNeg    + . .      Spirit   .    a - +0 robe
rPois   ∞          Reflect  .    i - +0 helmet
rElec   +          Rampage  .    k - +0 cloak
rCorr   .                        (no gloves)
Will    .....                    (no boots)
Stlth   ++                       (no amulet)
HPRegen 0.24/turn                (no ring)
MPRegen 0.11/turn                (no ring)

@: very slightly contaminated
A: sickness immunity, AC +4, negative energy resistance 1, electricity
resistance, torment resistance 1, petrification resistance
a: no special abilities


You were on level 2 of the Dungeon.
You visited 1 branch of the dungeon, and saw 3 of its levels.

You collected 112 gold pieces.

Inventory:

Hand Weapons
 d - a +0 dagger
 f - a +0 short sword of venom (weapon)
 g - a +1 dagger of freezing
Armour
 a - a +0 robe (worn)
 b - a +0 leather armour
 i - a +0 helmet (worn)
 k - a +0 cloak (worn)
Scrolls
 h - 2 scrolls of identify {unknown}
Potions
 c - 2 potions of curing {unknown}
 e - a potion of attraction {unknown}
 j - a potion of brilliance {unknown}


   Skills:
 + Level 0.5 Short Blades
 + Level 2.1 Dodging
 + Level 3.0 Stealth
 * Level 2.8 Spellcasting
 * Level 1.8 Conjurations
 - Level 1.2 Transmutations
 + Level 4.2 Earth Magic


You had 8 spell levels left.
You knew the following spells:

 Your Spells              Type           Power      Damage    Failure   Level
a - Sandblast             Erth           34%        2d9       3%          1

Your spell library contained the following spells:

 Spells                   Type           Power      Damage    Failure   Level
 Passwall                 Tmut/Erth      10%        N/A       9%          2
 Stone Arrow              Conj/Erth      26%        3d8       14%         3
 Scorch                   Fire           4%         2d5       26%         2
 Gell's Gravitas          Tloc           2%         N/A       45%         3
 Teleport Other           Tloc           2%         N/A       45%         3
 Petrify                  Tmut/Erth      12%        N/A       47%         4
 Flame Wave               Conj/Fire      5%         2d5       75%         4
 Dispersal                Tloc           1%         N/A       100%        6
 Summon Cactus Giant      Summ           1%         N/A       100%        6


Dungeon Overview and Level Annotations

Branches:
Dungeon (3/15)

Altars:


Innate Abilities, Weirdness & Mutations

You are immune to sickness and miasma.
Your stone body is resilient. (AC +4)
You are immune to poison.
You resist negative energy. (rN+)
You are resistant to electric shocks. (rElec)
You are resistant to unholy torment.
You are immune to petrification.


Message History

Aiming: Sandblast (safe; 3% risk of failure)
Press: ? - help, Shift-Dir - straight line, f - iguana
Aim: an iguana (84% to hit)
The blast of sand hits the iguana.
The iguana is moderately wounded.
The iguana barely misses you. x2
The dart slug launches a dart at you. The slug dart misses you.
Casting: Sandblast (safe; 3% risk of failure)
Confirm with . or Enter, or press ? or * to list all spells.
Aiming: Sandblast (safe; 3% risk of failure)
Press: ? - help, Shift-Dir - straight line, f/p - iguana
Aim: an iguana (moderately wounded, 84% to hit)
The blast of sand hits the iguana but does no damage.
The iguana is moderately wounded.
The iguana bites you.
Casting: Sandblast (safe; 3% risk of failure)
Confirm with . or Enter, or press ? or * to list all spells.
Aiming: Sandblast (safe; 3% risk of failure)
Press: ? - help, Shift-Dir - straight line, f/p - iguana
Aim: an iguana (moderately wounded, 84% to hit)
You miscast Sandblast.
You are very lightly contaminated with residual magic.
Nothing appears to happen.
The iguana bites you but does no damage.
The iguana bites you.
* * * LOW HITPOINT WARNING * * *
You climb upwards.
There is a stone staircase leading down here.
Casting: Sandblast (safe; 3% risk of failure)
Confirm with . or Enter, or press ? or * to list all spells.
Aiming: Sandblast (safe; 3% risk of failure)
Press: ? - help, Shift-Dir - straight line, f - iguana
Aim: an iguana (moderately wounded, 84% to hit)
The blast of sand hits the iguana.
The iguana is heavily wounded.
The iguana bites you.
* * * LOW HITPOINT WARNING * * *
The iguana bites you.
You die...

...###.# ############## ..##
#†# ##.....##.....## ### #.#
##..............## #.#
#................# #.#
#..........).....#
#.#######................#
######.....#.......[..........#
.....)........<.l.............#
####............@.............#
#.........................##
#.................##.....##
####...............##########
...#...............#
##.........(......########
####....................#
#######.##.....#........#
##.......................#


You could see an iguana.

Vanquished Creatures
  Crazy Yiuf (D:2)
  Robin (D:2)
  An adder (D:1)
  4 worms
  4 dart slugs
  5 ball pythons
  4 endoplasms
  2 giant cockroaches (D:1)
  7 goblins
  4 hobgoblins
  4 jackals (D:2)
  A quokka (D:1)
  6 bats
  3 frilled lizards
  5 kobolds
  3 rats
55 creatures vanquished.

Notes
Turn   | Place    | Note
-------+----------+-------------------------------------------
     0 | D:1      | BigDaddyOpFi the Gargoyle Earth Elementalist began the
                  | quest for the Orb.
     0 | D:1      | Reached XP level 1. HP: 10/10 MP: 3/3
    70 | D:1      | Reached skill level 1 in Transmutations
    70 | D:1      | Reached XP level 2. HP: 13/15 MP: 0/5
   654 | D:1      | Found a faded altar of an unknown god.
   677 | D:1      | Reached XP level 3. HP: 19/19 MP: 3/6
  1119 | D:2      | Reached skill level 4 in Earth Magic
  1153 | D:2      | Noticed Robin
  2082 | D:2      | Killed Robin
  2083 | D:2      | Reached skill level 1 in Conjurations
  2083 | D:2      | Reached XP level 4. HP: 19/24 MP: 1/7
  2623 | D:2      | Found a runed translucent door.
  2624 | D:2      | Noticed Crazy Yiuf
  2630 | D:2      | Killed Crazy Yiuf
  2718 | D:3      | Reached XP level 5. HP: 28/28 MP: 6/9
  2732 | D:2      | HP: 1/28 [iguana (3)]
  2732 | D:2      | Slain by an iguana

Illustrated notes

Levels and vault maps discovered:
D:1:      dpeg_arrival_brainrot, layout_loops_ring, ebering_ecumenical_altar_box
D:2:      layout_rooms, uniq_robin, uniq_crazy_yiuf_cottage
D:3:      kennysheep_slugbush, layout_basic, mainiacjoe_overflow_cross_hatched,
          grunt_ministairs_5, minmay_strange_pillars

Skill      XL: |  1  2  3  4 |
---------------+-------------+-----
Transmutations | 1 |  1.2
Earth Magic    | 4 |  4.2
Dodging        | 2 |  2.1
Conjurations   | 1 |  1.8
Stealth        | 3 |  3.0
Short Blades   | |  0.5
Spellcasting   | |  2.8

Action                     |  1- 3 |  4- 6 || total
---------------------------+-------+-------++-------
  Melee: Dagger            |    22 |       ||    22
         Unarmed           |     5 |       ||     5
         Short sword       |       |     5 ||     5
   Cast: Sandblast         |    51 |    32 ||    83
    Use: Potion            |     1 |       ||     1
         Scroll            |     1 |       ||     1
 Armour: Robe              |    30 |    10 ||    40
  Dodge: Dodged            |    73 |    24 ||    97

Table legend: (Time is in decaauts)
 A = Elapsed time spent in this place.
 B = Non-inter-level travel time spent in this place.
 C = Inter-level travel time spent in this place.
 D = Time resting spent in this place.
 E = Time spent auto-exploring this place.
 F = Levels seen in this place.
 G = Mean time per level.
                   A        B        C        D        E       F      G
               +--------+--------+--------+--------+--------+-----+--------+
         Total |   2779 |   2754 |     25 |    850 |   1509 |   3 |  926.3 |
       Dungeon |   2779 |   2754 |     25 |    850 |   1509 |   3 |  926.3 |
               +--------+--------+--------+--------+--------+-----+--------+

Top non-repeatable levels by time:
     D:1: 1918 daAuts
     D:2: 832 daAuts
     D:3: 29 daAuts
